 Dungeon Crawl Stone Soup version 0.20-a0-1009-gc986637 (webtiles) character file.

401 MrRokkomies the Slasher (level 6, 0/76 HPs)
             Began as a Bultungin Skald on Apr 12, 2017.
             Slain by a bullfrog (1 damage)
             ... on level 6 of the Dungeon on Apr 15, 2017.
             The game lasted 00:10:14 (3612 turns).

MrRokkomies the Slasher (Bultungin Skald)           Turns: 3612, Time: 00:10:15

Health: 0/76       AC: 23    Str: 13    XL:     6   Next: 85%
Magic:  10/10      EV:  2    Int: 13    God:
Gold:   272        SH:  5    Dex: 15    Spells: 2/11 levels left

rFire    . . .     SeeInvis +   a - +1 falchion
rCold    . . .     Gourm    .   g - +0 buckler
rNeg     + + +     Faith    .   (armour currently unavailable)
rPois    +         Spirit   .   (helmet currently unavailable)
rElec    .         Reflect  .   (cloak currently unavailable)
rCorr    .         Harm     .   (gloves currently unavailable)
MR       ++...     NoTele   +   (boots currently unavailable)
Stlth    +.........             (no amulet)
Regen    0.3/turn               m - ring of protection from magic
MPRegen  0.2/turn               (no ring)

@: lethally poisoned (0 -> -17), tree-form, drained
A: short attention span, see invisible, agile 1, magic resistance 1, strong nose
a: no special abilities


You were on level 6 of the Dungeon.
You were not hungry.
You were a tree.
You visited 1 branch of the dungeon, and saw 5 of its levels.

You collected 272 gold pieces.

Inventory:

Hand Weapons
 a - a +1 falchion (weapon)
Missiles
 i - 54 sling bullets
Armour
 g - a +0 buckler (worn)
 h - a +0 pair of gloves (melded)
 k - a +0 scale mail (melded)
 s - a scarf of cold resistance (melded)
Jewellery
 m - a ring of protection from magic (left branch)
 q - an uncursed ring of fire
Wands
 n - a wand of disintegration (7/24)
Scrolls
 f - a scroll of enchant weapon
 l - 2 scrolls of identify
Potions
 e - a potion of brilliance
 o - a potion of lignification
Books
 c - a book of Battle

   Spells                             Type                      Level
   a - Infusion                       Charms                       1
   b - Shroud of Golubria             Charms/Translocation         2
   c - Song of Slaying                Charms                       2
   d - Spectral Weapon                Hexes/Charms                 3
   e - Regeneration                   Charms/Necromancy            3
 t - a book of Callings

   Spells                             Type                      Level
   a - Summon Small Mammal            Summoning                    1
   b - Call Imp                       Summoning                    2
   c - Call Canine Familiar           Summoning                    3
   d - Summon Guardian Golem          Hexes/Summoning              3
   e - Summon Lightning Spire         Summoning/Air                4
   f - Summon Ice Beast               Ice/Summoning                4
Comestibles
 d - a bread ration
 j - 4 fruits
 r - 3 meat rations
 u - a royal jelly


   Skills:
 - Level 5.1(5.0) Fighting
 * Level 7.1 Long Blades
 - Level 1.5 Armour
 - Level 3.0(2.9) Dodging
 + Level 3.8(3.7) Shields
 - Level 3.2 Spellcasting
 - Level 4.4(4.3) Charms
 * Level 3.8(3.7) Summonings


You had 2 spell levels left.
You knew the following spells:

 Your Spells              Type           Power        Failure   Level  Hunger
a - Infusion              Chrm           ##..         4%          1    #......
b - Shroud of Golubria    Chrm/Tloc      #.........   14%         2    ##.....
c - Spectral Weapon       Hex/Chrm       #.......     28%         3    ###....
d - Call Canine Familiar  Summ           ##......     14%         3    ###....


Dungeon Overview and Level Annotations

Branches:
Dungeon (4/15)
 Temple: D:4-7

Altars:
Fedhas
Xom


Innate Abilities, Weirdness & Mutations

You have a short attention span.
((You have very sharp teeth.))
You have supernaturally acute eyesight. (SInv)
Your uncanny sense of smell can sniff out nearby items.
You are agile. (Dex +2)
You are resistant to hostile enchantments. (MR+)


Message History

The bullfrog hits you.
* * * LOW HITPOINT WARNING * * *
You turn into a tree.
Your scarf of cold resistance melds into your body.
Your +0 pair of gloves melds into your body.
Your +0 scale mail melds into your body.
You feel less resistant to cold.
Your roots penetrate the ground.
* * * LOW HITPOINT WARNING * * *
You feel sick.
The bullfrog hits you but does no damage.
You hit the bullfrog.
The bullfrog is moderately wounded.
* * * LOW HITPOINT WARNING * * *
You feel sick.
The bullfrog hits you but does no damage. x2
You miss the bullfrog.
The bullfrog is moderately wounded.
* * * LOW HITPOINT WARNING * * *
You feel sick. The bullfrog hits you.
You die...

#.#
#.#≈≈≈.≈≈≈#
# #.###'# #
# #.....# #
#.#.#...#
.###...# ∆
..#...#
#.#...#
#.#.#'#
#7..#.#
#.F####.#
#.. .. ##.
# .. ##


You could see a bullfrog.

Vanquished Creatures
  A crocodile (D:4)
  A hound (D:4)
  2 orc priests (D:6)
  An orc wizard (D:6)
  A centaur skeleton (D:6)
  5 gnolls
  4 adders
  2 oozes
  2 worms
  2 leopard geckos
  7 orcs
  8 giant cockroaches
  5 goblins
  9 hobgoblins
  5 jackals
  A quokka (D:3)
  9 bats
  2 frilled lizards (D:3)
  7 kobolds
  A leopard gecko skeleton (D:4)
  6 rats
81 creatures vanquished.

Notes
Turn   | Place    | Note
-------+----------+-------------------------------------------
     0 | D:1      | MrRokkomies the Bultungin Skald began the quest for the Orb.
     0 | D:1      | Reached XP level 1. HP: 18/18 MP: 4/4
     9 | D:1      | Noticed a wolf
     9 | D:1      | Noticed a wyvern
     9 | D:1      | Noticed a swamp worm
     9 | D:1      | Noticed a komodo dragon
    51 | D:1      | Found a shimmering altar of Xom.
    55 | D:1      | Reached XP level 2. HP: 24/24 MP: 6/6
   125 | D:1      | Reached skill level 4 in Long Blades
   145 | D:1      | Upgraded the game from 0.20-a0-1000-g0e8f6bb to 0.20-a0-1009-gc986637
   594 | D:1      | Reached skill level 1 in Shields
   594 | D:1      | Reached XP level 3. HP: 20/30 MP: 7/7
  1034 | D:2      | Learned a level 2 spell: Shroud of Golubria
  1038 | D:2      | Learned a level 3 spell: Spectral Weapon
  1304 | D:2      | Reached XP level 4. HP: 37/37 MP: 8/8
  2021 | D:3      | Reached skill level 5 in Long Blades
  2309 | D:3      | Reached XP level 5. HP: 39/43 MP: 9/9
  2371 | D:3      | Found a blossoming altar of Fedhas.
  2406 | D:3      | Reached skill level 5 in Fighting
  2716 | D:3      | Learned a level 3 spell: Call Canine Familiar
  2811 | D:4      | Noticed a crocodile
  2820 | D:4      | Killed a crocodile
  2820 | D:4      | Reached skill level 6 in Long Blades
  2873 | D:4      | Reached XP level 6. HP: 42/51 MP: 6/10
  2977 | D:4      | Gained mutation: You are agile. (Dex +2) [potion of mutation]
  2977 | D:4      | Gained mutation: You are resistant to hostile enchantments. (MR+) [potion of mutation]
  3125 | D:4      | You fall through a shaft for 2 floors!
  3508 | D:6      | Reached skill level 7 in Long Blades
  3611 | D:6      | HP: 3/76 [poisoned by a gnoll]
  3612 | D:6      | HP: 1/76 [poisoned by a gnoll]
  3612 | D:6      | Slain by a bullfrog

Vault maps used:
D:1:      onia_arrival_zoo_common, kennysheep_decorative_pillar,
          kennysheep_nondescript, xom_teletrap_fun
D:2:      mrwooster_statue_mirror
D:3:      fedhas_altar_3
D:4:      cheibrodos_old_hovel
D:6:      marbit_many_paths, temple_hall_moat, uniq_menkaure

Skill      XL: |  1  2  3  4  5  6 |
---------------+-------------------+-----
Long Blades    | 4 5 6 7 |  7.1
Shields        | 1 2 3 |  3.8
Fighting       | 4 5 |  5.1
Summonings     | 2 3 |  3.8
Armour         | |  1.5
Dodging        | |  3.0
Spellcasting   | |  3.2
Charms         | |  4.4

Action                   |  1- 3 |  4- 6 || total
-------------------------+-------+-------++-------
Melee: Falchion          |   114 |   166 ||   280
       Bite              |     9 |    17 ||    26
 Cast: Infusion          |     1 |     3 ||     4
       Shroud of Golubri |       |     3 ||     3
       Spectral Weapon   |       |     1 ||     1
Evoke: Wand              |       |     3 ||     3
  Use: Scroll            |     6 |     3 ||     9
       Potion            |       |     3 ||     3
 Stab: Sleeping          |     1 |       ||     1
       Distracted        |       |     1 ||     1
       Invisible         |       |     2 ||     2
  Eat: Chunk             |     1 |     6 ||     7
       Royal jelly       |       |     1 ||     1
Armor: Leather armour    |    40 |    40 ||    80
       Skin              |       |     3 ||     3
       Scale mail        |       |     2 ||     2
Dodge: Dodged            |    84 |    94 ||   178
Block: Buckler           |    15 |    34 ||    49
       Rpst.: Falchion   |    30 |    31 ||    61
